 Dungeon Crawl Stone Soup version 0.31-a0-180-g519b7de00c (webtiles) character file.

Game seed: 8186933462123131569

1885 qw the Cleaver (level 9, 0/54 HPs)
             Began as a Gargoyle Fighter on June 19, 2023.
             Was a Believer of Okawaru.
             Slain by a two-headed ogre
             ... wielding a +0 giant spiked club
              (13 damage)
             ... on level 7 of the Dungeon.
             The game lasted 00:02:32 (5339 turns).

qw the Cleaver (Gargoyle Fighter)                   Turns: 5339, Time: 00:02:32

Health: 0/54       AC: 20    Str: 25    XL:     9   Next: 14%
Magic:  10/12      EV:  8    Int:  8    God:    Okawaru [**....]
Gold:   810        SH:  5    Dex:  9    Spells: 8/8 levels left

rFire   . . .        g - +4 broad axe (flame)
rCold   . . .        c - +0 buckler
rNeg    + . .        b - +0 plate armour
rPois   inf          (no helmet)
rElec   +            (no cloak)
rCorr   .            (no gloves)
SInv    .            (no boots)
Will    .....        (no amulet) Stlth
                     (no ring)
HPRegen 0.29/turn    (no ring)
MPRegen 0.13/turn

%: no passive effects
@: heroic
A: sickness immunity, AC +6, negative energy resistance 1, electricity
resistance, torment resistance 1, petrification resistance
a: Renounce Religion, Heroism


You were on level 7 of the Dungeon.
You worshipped Okawaru.
Okawaru was pleased with you.
You visited 1 branch of the dungeon, and saw 7 of its levels.

You collected 810 gold pieces.


Innate Abilities, Weirdness & Mutations

You are immune to sickness and miasma.
Your stone body is resilient. (AC +6)
You are immune to poison.
You resist negative energy. (rN+)
You are resistant to electric shocks. (rElec)
You are resistant to unholy torment.
You are immune to petrification.


   Skills:
 + Level 5.2(10.2) Fighting
 - Level 9.1(14.1) Axes
 - Level 1.0(6.0) Throwing
 - Level 4.0(9.0) Armour
 - Level 1.0(6.0) Dodging
 - Level 3.2(8.2) Shields
 - Level 4.0 Invocations


You had 8 spell levels left.
You didn't know any spells.
Your spell library was empty.

Inventory:

Hand Weapons
 g - a +4 broad axe of flaming (weapon)
Missiles
 h - 5 boomerangs (quivered)
Armour
 a - the +4 ring mail "Uhaaxko" {rF+}
   (You found it on level 5 of the Dungeon)

   rF:        It protects you from fire.
 b - a +0 plate armour (worn)
 c - a +0 buckler (worn)
Jewellery
 n - an amulet of reflection
Scrolls
 i - a scroll of identify
 l - 6 scrolls of teleportation
Potions
 d - 2 potions of might
 e - a potion of heal wounds
 f - 2 potions of curing
 j - a potion of attraction {unknown}
 k - a potion of mutation
 m - a potion of resistance

Dungeon Overview and Level Annotations

Branches:
Dungeon (7/15)             Temple (0/1) D:4

Altars:
Kikubaaqudgha
Okawaru

Shops:
D:1 *   D:4 *


Message History

Enter note:
5331 ||| INVOKING Heroism.
You gain the combat prowess of a mighty hero.
A two-headed ogre comes into view.
It is wielding two +0 giant spiked clubs.
5332 ||| Stepping ~*~*~tactically~*~*~ (stealth).
You throw a boomerang. The boomerang hits the two-headed ogre!
The two-headed ogre is lightly wounded.
A gargoyle comes into view. It is wielding a +0 morningstar.
You slice the two-headed ogre!! You burn the two-headed ogre!
The two-headed ogre is almost dead.
The two-headed ogre hits you but does no damage.
The two-headed ogre closely misses you.
You slice the two-headed ogre!! You burn the two-headed ogre.
You kill the two-headed ogre!
Okawaru is honoured by your kill.
Your base Axes skill gained 2 levels and is now at level 9!
You have reached level 9!
Your experience leads to an increase in your attributes!
Increase (S)trength, (I)ntelligence, or (D)exterity?
You feel stronger. x2
Things that are here:
a +0 giant club; a +0 giant club; 3 stones You hit the gargoyle.
You burn the gargoyle.
The gargoyle is lightly damaged.
The gargoyle hurls a stone arrow at you.
The stone arrow hits you!
You completely miss the gargoyle.
The gargoyle is lightly damaged.
You slash the two-headed ogre! You burn the two-headed ogre.
The gargoyle hits you but does no damage.
The two-headed ogre hits you with a +0 giant spiked club!
The two-headed ogre completely misses you.
You hit the two-headed ogre. You burn the two-headed ogre.
The two-headed ogre is heavily wounded.
You slash the gargoyle! You burn the gargoyle!
You destroy the gargoyle!
Okawaru is honoured by your kill.
The two-headed ogre hits you with a +0 giant spiked club!!
The two-headed ogre hits you with a +0 giant spiked club!
You die...

#... ##.......# #..##
##......... #..#
#.......... #.##
#.......... ##
####..###.......... #(.
#......##..........
#(..#....#..##.........
#(.(#...#.##.........
#)@...##.##........
...)((O8...##..##.......
.8..(#.(...###..#...#...
(.(.(.(#...# ##.##.#....
.#...#.....# #..##....#
#(#.......# ##..#..... #
........# ##.......
.........# ##......
###......


You could see a two-headed ogre.

Vanquished Creatures
  A two-headed ogre (D:7)
  A gargoyle (D:7)
  A sky beast (D:6)
  An ogre (D:6)
  3 phantoms
  A kobold brigand (D:6)
  A bullfrog (D:7)
  2 scorpions
  3 hounds
  A jelly (D:6)
  2 orc priests
  A sleepcap (D:6)
  A gnoll bouda (D:7)
  4 iguanas
  9 gnolls
  5 adders
  3 white imps (D:6)
  2 ufetubi
  A worm (D:3)
  2 dart slugs
  11 orcs
  6 endoplasms
  4 giant cockroaches
  10 goblins
  11 hobgoblins
  2 jackals (D:1)
  9 kobolds
  A quokka (D:1)
  12 ball pythons
  7 bats
  5 frilled lizards
  7 rats
130 creatures vanquished.

Vanquished Creatures (others)
  A sky beast (D:6)
1 creature vanquished.

Grand Total: 131 creatures vanquished

Notes
Turn   | Place    | Note
-------+----------+-------------------------------------------
     0 | D:1      | qw the Gargoyle Fighter began the quest for the Orb.
     0 | D:1      | Reached XP level 1. HP: 14/14 MP: 1/1
     0 | D:1      | 0 ||| qw: Version: 0.3-a-7-ge0c9b40
     0 | D:1      | 0 ||| qw: Game counter: 1079
     0 | D:1      | 0 ||| qw: Always use a shield: true
     0 | D:1      | 0 ||| qw: God list: Okawaru
     0 | D:1      | 0 ||| qw: Allow faded altars: false
     0 | D:1      | 0 ||| qw: Do Orc after D:15 true
     0 | D:1      | 0 ||| qw: Do second Lair branch before Depths: true
     0 | D:1      | 0 ||| qw: Lair rune preference: random
     0 | D:1      | 0 ||| qw: Plans: Normal, Zot:1-4, Slime:5, God:TSO, Crypt,
                  | Tomb, Abyss, Pan, Hells, Win
     0 | D:1      | 0 ||| PLANNING D:1-11
    65 | D:1      | Reached skill level 2 in Axes
    65 | D:1      | Found Zaan Den's Assorted Antiques.
    94 | D:1      | Reached XP level 2. HP: 19/19 MP: 2/2
   125 | D:1      | HP: 2/19 [gnoll/+0 spear (3)]
   217 | D:1      | 217 ||| SHOPLISTING 2 fizzy clear potions (43 gold, have
                  | 17).
   217 | D:1      | 217 ||| SHOPLISTING dark potion (21 gold, have 17).
   217 | D:1      | 217 ||| SHOPLISTING emerald ring (120 gold, have 17).
   217 | D:1      | 217 ||| SHOPLISTING shiny ring mail (168 gold, have 17).
   230 | D:1      | Reached skill level 3 in Axes
   280 | D:1      | Reached XP level 3. HP: 19/23 MP: 3/3
   684 | D:1      | 684 ||| READING scroll labelled OPO UVUNLEWK.
   685 | D:1      | 685 ||| DRINKING 2 fuming cyan potions.
   729 | D:2      | 729 ||| Stepping ~*~*~tactically~*~*~ (hiding).
   730 | D:2      | 730 ||| Stepping ~*~*~tactically~*~*~ (hiding).
   732 | D:2      | 732 ||| Stepping ~*~*~tactically~*~*~ (hiding).
   853 | D:2      | Reached XP level 4. HP: 25/28 MP: 4/4
   875 | D:2      | 875 ||| READING scroll labelled QELONLO INOU.
  1162 | D:2      | 1162 ||| Stepping ~*~*~tactically~*~*~ (stealth).
  1167 | D:2      | Reached skill level 4 in Axes
  1355 | D:2      | 1355 ||| READING scroll labelled QOCORU DOOG.
  1356 | D:2      | 1356 ||| READING scroll labelled FEMAXA CIOFU.
  1373 | D:2      | 1373 ||| READING scroll labelled ALEINU MESO.
  1374 | D:2      | 1374 ||| READING 5 scrolls labelled YFUATE GIREEP.
  1480 | D:3      | 1480 ||| DROPPING +0 club.
  1681 | D:3      | 1681 ||| Stepping ~*~*~tactically~*~*~ (hiding).
  1683 | D:3      | 1683 ||| Stepping ~*~*~tactically~*~*~ (hiding).
  1813 | D:3      | 1813 ||| Stepping ~*~*~tactically~*~*~ (stealth).
  1901 | D:3      | Reached XP level 5. HP: 32/32 MP: 5/5
  1907 | D:3      | Found a faded altar of an unknown god.
  1908 | D:3      | Found an iron altar of Okawaru.
  1909 | D:3      | 1909 ||| PLANNING OKAWARU WORSHIP
  1909 | D:3      | 1909 ||| UPGRADING to +0 chain mail.
  1919 | D:3      | 1919 ||| DROPPING +0 scale mail.
  1927 | D:3      | Became a worshipper of Warmaster Okawaru
  1928 | D:3      | 1928 ||| PLANNING D:1-11
  2043 | D:3      | 2043 ||| FLEEEEING.
  2044 | D:3      | 2044 ||| FLEEEEING.
  2045 | D:3      | 2045 ||| FLEEEEING.
  2046 | D:3      | 2046 ||| FLEEEEING.
  2047 | D:3      | 2047 ||| FLEEEEING.
  2048 | D:3      | 2048 ||| FLEEEEING.
  2049 | D:3      | 2049 ||| FLEEEEING.
  2050 | D:3      | 2050 ||| FLEEEEING.
  2053 | D:3      | 2053 ||| STAIRDANCE
  2082 | D:2      | 2082 ||| DROPPING amulet of magic regeneration.
  2159 | D:3      | 2159 ||| Stepping ~*~*~tactically~*~*~ (stealth).
  2267 | D:3      | Reached skill level 5 in Axes
  2549 | D:3      | 2549 ||| UPGRADING to +0 plate armour.
  2559 | D:3      | 2559 ||| DROPPING +0 chain mail.
  2742 | D:4      | You fall into a shaft and drop 3 floors!
  2762 | D:7      | 2762 ||| Stepping ~*~*~tactically~*~*~ (stealth).
  2764 | D:7      | 2764 ||| Stepping ~*~*~tactically~*~*~ (hiding).
  2769 | D:7      | HP: 6/32 [gnoll/+0 spear (3)]
  2770 | D:7      | 2770 ||| READING 5 scrolls of teleportation.
  2771 | D:7      | 2771 ||| DRINKING 3 potions of heal wounds.
  2782 | D:7      | HP: 8/33 [gnoll bouda/+0 club (1)]
  2783 | D:7      | Reached XP level 6. HP: 10/38 MP: 6/6
  2784 | D:7      | 2784 ||| READING 4 scrolls of teleportation.
  2784 | D:7      | HP: 2/38 [gnoll/+0 spear (7)]
  2785 | D:7      | 2785 ||| DRINKING 2 potions of heal wounds.
  2934 | D:7      | 2934 ||| DROPPING +0 whip.
  2946 | D:7      | 2946 ||| READING 2 scrolls labelled OQAHUC ISSEIPN.
  2947 | D:7      | 2947 ||| READING scroll of enchant weapon.
  2947 | D:7      | 2947 ||| ENCHANTING +1 war axe.
  3060 | D:6      | Reached skill level 6 in Axes
  3102 | D:6      | Noticed a sky beast
  3110 | D:6      | Killed a sky beast
  3111 | D:6      | Reached XP level 7. HP: 38/43 MP: 7/7
  3162 | D:6      | Reached * piety under Okawaru
  3197 | D:6      | 3197 ||| INVOKING Heroism.
  3202 | D:6      | Reached skill level 7 in Axes
  3348 | D:6      | 3348 ||| Stepping ~*~*~tactically~*~*~ (hiding).
  3362 | D:6      | Reached skill level 1 in Invocations
  3377 | D:6      | 3377 ||| Stepping ~*~*~tactically~*~*~ (water).
  3379 | D:6      | 3379 ||| INVOKING Heroism.
  3536 | D:5      | Entered Level 5 of the Dungeon
  3584 | D:5      | Reached XP level 8. HP: 49/49 MP: 8/10
  3602 | D:5      | 3602 ||| READING scroll of enchant weapon.
  3602 | D:5      | 3602 ||| ENCHANTING +2 war axe.
  3628 | D:5      | Reached skill level 3 in Invocations
  3686 | D:5      | 3686 ||| READING scroll labelled MUAFYX ZUAM.
  3687 | D:5      | 3687 ||| READING scroll labelled WUNUPS DODDO.
  3688 | D:5      | 3688 ||| READING 3 scrolls of identify.
  3688 | D:5      | 3688 ||| IDENTIFYING fizzy amethyst potion
  3689 | D:5      | 3689 ||| READING 2 scrolls of identify.
  3689 | D:5      | 3689 ||| IDENTIFYING dark potion
  3690 | D:5      | 3690 ||| DROPPING potion of ambrosia.
  3708 | D:4      | Found a staircase to the Ecumenical Temple.
  3709 | D:4      | 3709 ||| INVOKING Heroism.
  3718 | D:4      | Reached skill level 1 in Dodging
  3743 | D:4      | Found Suuzeukoant's Elemental Accessories.
  4083 | D:4      | 4083 ||| INVOKING Heroism.
  4194 | D:4      | 4194 ||| READING scroll labelled OSIOTOA DAEF.
  4194 | D:4      | Identified a scroll of acquirement
  4194 | D:4      | 4194 ||| ACQUIRING 492 gold pieces
  4194 | D:4      | Acquired 492 gold pieces
  4196 | D:4      | 4196 ||| READING 2 scrolls of identify.
  4196 | D:4      | 4196 ||| IDENTIFYING ruby potion
  4278 | D:5      | Reached skill level 1 in Throwing
  4389 | D:5      | Identified the +4 ring mail "Uhaaxko" {rF+}
  4646 | D:5      | 4646 ||| READING scroll labelled YRCHUO XODIAK.
  4647 | D:5      | 4647 ||| READING 2 scrolls of identify.
  4647 | D:5      | 4647 ||| IDENTIFYING fuming yellow potion
  4661 | D:6      | 4661 ||| FLEEEEING.
  4664 | D:6      | 4664 ||| STAIRDANCE
  4691 | D:6      | Found an ancient bone altar of Kikubaaqudgha.
  4748 | D:6      | 4748 ||| READING scroll of enchant weapon.
  4748 | D:6      | 4748 ||| ENCHANTING +3 heavy war axe.
  4920 | D:6      | 4920 ||| INVOKING Heroism.
  4946 | D:7      | 4946 ||| READING scroll of acquirement.
  4946 | D:7      | 4946 ||| ACQUIRING +4 broad axe of flaming
  4946 | D:7      | Acquired a +4 broad axe of flaming
  4948 | D:7      | 4948 ||| SWAPPING to +4 broad axe of flaming.
  4949 | D:7      | 4949 ||| DROPPING +0 flail.
  4950 | D:7      | 4950 ||| DROPPING +4 heavy war axe.
  4990 | D:7      | 4990 ||| Stepping ~*~*~tactically~*~*~ (stealth).
  4991 | D:7      | 4991 ||| Stepping ~*~*~tactically~*~*~ (stealth).
  5327 | D:7      | Found the +6 shillelagh "Devastator" {shatter}
  5329 | D:7      | Noticed a two-headed ogre
  5331 | D:7      | 5331 ||| INVOKING Heroism.
  5331 | D:7      | Noticed a two-headed ogre
  5332 | D:7      | 5332 ||| Stepping ~*~*~tactically~*~*~ (stealth).
  5333 | D:7      | Noticed a gargoyle
  5335 | D:7      | Killed a two-headed ogre
  5336 | D:7      | Reached skill level 9 in Axes
  5336 | D:7      | Reached XP level 9. HP: 54/54 MP: 9/12
  5339 | D:7      | Killed a gargoyle
  5339 | D:7      | Reached ** piety under Okawaru
  5339 | D:7      | HP: 13/54 [two-headed ogre/+0 giant spiked club (23)]
  5339 | D:7      | Slain by a two-headed ogre

Levels and vault maps discovered:
D:1:      dpeg_arrival_ternary, layout_rooms, serial_shops,
          nicolae_shop_window_shopping, nrook_mini_vaults, st_stairs_7
D:2:      layout_basic
D:3:      layout_basic, okawaru_metal_pillars_1_2, basic_ecumenical_altar,
          guppyfry_early_orc_mine
D:4:      layout_loops_ring, minmay_temple_entry_proselytizer,
          nicolae_elemental_shop
D:5:      layout_gridville, chequers_garden
D:6:      layout_loops_ring, mainiacjoe_overflow_concentric_impassable
D:7:      layout_cave_pods, minmay_misc_feat_hallway,
          dilly_guarded_unrand_devastator

Skill      XL: |  1  2  3  4  5  6  7  8 |
---------------+-------------------------+-----
Axes           | 2 3 4 5 6 7 9 |  9.1
Fighting       | 4 5 |  5.2
Invocations    | 2 4 |  4.0
Dodging        | 1 |  1.0
Throwing       | 1 |  1.0
Armour         | 4 |  4.0
Shields        | |  3.2

Action                     |  1- 3 |  4- 6 |  7- 9 || total
---------------------------+-------+-------+-------++-------
  Melee: War axe           |    95 |   146 |   104 ||   345
         Broad axe         |       |       |    14 ||    14
  Throw: Boomerang         |     1 |    69 |    58 ||   128
 Invoke: Heroism           |       |       |     6 ||     6
    Use: Scroll            |     1 |     9 |    11 ||    21
         Potion            |     1 |     2 |       ||     3
 Armour: Scale mail        |    64 |    42 |       ||   106
         Plate armour      |       |    43 |    81 ||   124
         Chain mail        |       |    10 |       ||    10
  Dodge: Dodged            |    32 |    63 |    28 ||   123
  Block: Buckler           |    20 |    37 |    26 ||    83

Table legend:
 A = Non-vault XP
 B = Vault XP
 C = Vault XP percentage of total XP
 D = Non-vault monster count
 E = Vault monster count
 F = Vault count percentage of total count
                 A         B        C        D         E       F
            +---------+---------+-------+---------+---------+-------
      Total |    1811 |    1289 |  41.6 |     120 |      11 |   8.4
            +---------+---------+-------+---------+---------+-------
        D:1 |      63 |       1 |   1.6 |      31 |       1 |   3.1
        D:2 |      42 |       0 |   0.0 |      17 |       0 |   0.0
        D:3 |     128 |      17 |  11.7 |      26 |       7 |  21.2
        D:4 |      90 |      41 |  31.3 |       9 |       1 |  10.0
        D:5 |     288 |       0 |   0.0 |       6 |       0 |   0.0
        D:6 |     851 |       0 |   0.0 |      19 |       0 |   0.0
        D:7 |     349 |    1230 |  77.9 |      12 |       2 |  14.3
            +---------+---------+-------+---------+---------+-------
